General information
- name: BNet
- type: Ladder team game (AT/RT)
- host: Battle.net
- saver: DO-U-EVEN-LIFT
map: MarketSquare
- players: 8
- length: 33:54
- speed: Fast
- version: 1.28 W3XP
- replay type: Public
» download(262 KB)
Players
team 1 (loser)

»
FRATstar (
green | 166 APM | 4470 actions | 26:53)
7 Tauren Chieftain
3 War Stomp
3 Endurance Aura
1 Reincarnation
» actions
| Assign group hotkey | 65 | |
| Basic commands | 249 | |
| Build / train | 93 | |
| ESC pressed | 2 | |
| Enter build submenu | 34 | |
| Enter hero's abilities submenu | 7 | |
| Give item / drop item | 4 | |
| Right click | 936 | |
| Select / deselect | 672 | |
| Select group hotkey | 2320 | |
| Use ability | 88 | |
4470 total
» units
| Peon | 16 | |
| Troll Headhunter/Berserker | 23 | |
| Shaman | 16 | |
55 total
» upgrades
| Ranged Weapons | 3 | |
| Troll Regeneration | 1 | |
| Shaman Training | 2 | |
| Berserker Upgrade | 1 | |
| Reinforced Defenses | 1 | |
| Armor | 3 | |
| Spiked Barricades | 2 | |
13 total
» buildings
| Altar of Storms | 1 | |
| Orc Burrow | 7 | |
| War Mill | 3 | |
| Barracks | 4 | |
| Voodoo Lounge | 1 | |
| Stronghold | 3 | |
| Great Hall | 1 | |
| Watch Tower | 13 | |
| Fortress | 2 | |
| Spirit Lodge | 1 | |
| Beastiary | 1 | |
37 total
» build order
00:11 Altar of Storms
00:13 Orc Burrow
00:54 War Mill
01:19 Barracks
01:46 Voodoo Lounge
02:11 Orc Burrow
03:23 Orc Burrow
03:56 Orc Burrow
04:37 Stronghold
04:37 Stronghold
04:37 Stronghold
05:19 Great Hall
06:05 Watch Tower
06:59 Fortress
07:00 Fortress
07:04 Spirit Lodge
07:23 Watch Tower
07:53 Watch Tower
08:16 Watch Tower
08:22 Watch Tower
09:37 War Mill
09:40 War Mill
10:39 Watch Tower
10:41 Watch Tower
11:07 Barracks
11:44 Watch Tower
11:57 Watch Tower
13:05 Watch Tower
14:42 Watch Tower
14:45 Watch Tower
14:50 Watch Tower
14:54 Barracks
15:41 Orc Burrow
15:42 Orc Burrow
18:16 Orc Burrow
26:02 Beastiary
26:45 Barracks
» items
| Healing Salve | 5 | |
| Lesser Clarity Potion | 3 | |
| Orb of Lightning | 1 | |
| Boots of Speed | 1 | |
| Scroll of Town Portal | 2 | |
12 total

»
texas (
teal | 18 APM | 621 actions | 33:53)
5 Priestess of the Moon
3 Trueshot Aura
1 Scout
1 Searing Arrows
1 Tauren Chieftain
1 Shockwave
» actions
| Build / train | 45 | |
| Enter build submenu | 26 | |
| Enter hero's abilities submenu | 7 | |
| Remove unit from queue | 3 | |
| Right click | 221 | |
| Select / deselect | 282 | |
| Use ability | 37 | |
621 total
» units
| Wisp | 16 | |
| Archer | 8 | |
| Huntress | 3 | |
| Hippogryph | 2 | |
| Mortar Team | 1 | |
30 total
» upgrades
| Improved Bows | 1 | |
| Reinforced Hides | 1 | |
| Hippogryph Taming | 1 | |
| Abolish Magic | 1 | |
| Fragmentation Shards | 1 | |
5 total
» buildings
| Altar of Elders | 1 | |
| Moon Well | 5 | |
| Ancient of War | 1 | |
| Hunter's Hall | 1 | |
| Ancient Protector | 9 | |
| Ancient of Wonders | 1 | |
| Tree of Ages | 1 | |
| Ancient of Wind | 2 | |
| Tree of Eternity | 1 | |
| Ancient of Lore | 1 | |
| Tree of Life | 4 | |
| Town Hall | 1 | |
28 total
» build order
00:23 Altar of Elders
00:34 Moon Well
00:47 Ancient of War
02:19 Hunter's Hall
02:44 Moon Well
03:15 Moon Well
03:39 Ancient Protector
03:57 Ancient Protector
04:49 Ancient Protector
05:11 Ancient of Wonders
05:20 Ancient Protector
06:02 Tree of Ages
08:28 Ancient of Wind
08:37 Moon Well
09:52 Moon Well
10:19 Ancient of Wind
10:24 Tree of Eternity
10:48 Ancient of Lore
12:02 Tree of Life
12:50 Ancient Protector
12:53 Ancient Protector
13:37 Tree of Life
15:02 Tree of Life
15:06 Ancient Protector
15:12 Ancient Protector
15:24 Ancient Protector
19:06 Tree of Life
31:08 Town Hall
» items

»
NilknarfLP (
blue | 98 APM | 2650 actions | 27:09)
5 Archmage
3 Summon Water Elemental
2 Brilliance Aura
4 Mountain King
2 Storm Bolt
2 Bash
4 Paladin
2 Holy Light
2 Divine Shield
» actions
| Assign group hotkey | 67 | |
| Basic commands | 128 | |
| Build / train | 131 | |
| ESC pressed | 4 | |
| Enter build submenu | 31 | |
| Enter hero's abilities submenu | 14 | |
| Give item / drop item | 11 | |
| Remove unit from queue | 1 | |
| Right click | 1150 | |
| Select / deselect | 411 | |
| Select group hotkey | 544 | |
| Use ability | 158 | |
2650 total
» units
| Peasant | 19 | |
| Rifleman | 9 | |
| Siege Engine | 13 | |
| Assassin | 1 | |
| Kobold Geomancer | 1 | |
| Forest Troll High Priest | 1 | |
44 total
» upgrades
| Lumber Harvesting | 2 | |
| Masonry | 2 | |
| Barrage | 1 | |
| Gunpowder | 3 | |
| Plating | 3 | |
11 total
» buildings
| Altar of Kings | 1 | |
| Farm | 13 | |
| Blacksmith | 1 | |
| Barracks | 1 | |
| Lumber Mill | 2 | |
| Arcane Vault | 2 | |
| Keep | 1 | |
| Town Hall | 1 | |
| Scout Tower | 8 | |
| Arcane Tower | 4 | |
| Guard Tower | 4 | |
| Castle | 1 | |
| Workshop | 4 | |
43 total
» build order
00:10 Altar of Kings
00:21 Farm
01:05 Blacksmith
01:26 Barracks
01:42 Farm
02:04 Lumber Mill
02:23 Farm
02:34 Arcane Vault
03:30 Farm
04:13 Keep
05:28 Town Hall
05:33 Scout Tower
05:36 Scout Tower
05:37 Scout Tower
05:41 Scout Tower
05:44 Scout Tower
05:58 Farm
06:00 Scout Tower
06:28 Arcane Tower
06:29 Guard Tower
06:30 Arcane Tower
06:45 Arcane Tower
06:58 Guard Tower
07:39 Farm
07:41 Farm
07:42 Farm
07:43 Farm
07:45 Guard Tower
08:02 Castle
08:51 Workshop
09:26 Workshop
10:01 Scout Tower
10:04 Scout Tower
10:13 Farm
10:15 Farm
10:20 Farm
12:12 Arcane Tower
12:35 Guard Tower
12:48 Farm
12:51 Arcane Vault
16:18 Workshop
16:23 Workshop
17:03 Lumber Mill
» items
| Lesser Clarity Potion | 5 | |
| Scroll of Regeneration | 4 | |
| Potion of Healing | 4 | |
| Staff of Sanctuary | 2 | |
| Potion of Mana | 2 | |
| Orb of Fire | 1 | |
| Dust of Appearance | 1 | |
| Scroll of Town Portal | 4 | |
23 total
babysmacker (
yellow | 47 APM | 1269 actions | 26:48)
5 Warden
2 Fan of Knives
2 Shadow Strike
1 Spirit of Vengeance
» actions
| Build / train | 111 | |
| Enter build submenu | 26 | |
| Enter hero's abilities submenu | 5 | |
| Give item / drop item | 1 | |
| Remove unit from queue | 12 | |
| Right click | 663 | |
| Select / deselect | 386 | |
| Use ability | 65 | |
1269 total
» units
| Wisp | 17 | |
| Archer | 23 | |
| Hippogryph | 34 | |
74 total
» upgrades
| Hippogryph Taming | 1 | |
| Moon Armor | 4 | |
| Strength of the Moon | 3 | |
| Improved Bows | 1 | |
| Marksmanship | 2 | |
| Well Spring | 0 | |
11 total
» buildings
| Moon Well | 10 | |
| Altar of Elders | 1 | |
| Ancient of War | 1 | |
| Tree of Ages | 3 | |
| Hunter's Hall | 1 | |
| Ancient Protector | 8 | |
| Ancient of Wind | 1 | |
| Ancient of Wonders | 1 | |
| Tree of Eternity | 1 | |
| Tree of Life | 1 | |
28 total
» build order
00:08 Moon Well
00:14 Altar of Elders
00:51 Ancient of War
01:32 Moon Well
02:52 Tree of Ages
02:53 Tree of Ages
03:43 Hunter's Hall
04:25 Moon Well
04:32 Moon Well
04:54 Ancient Protector
05:44 Ancient Protector
07:31 Ancient of Wind
08:33 Ancient of Wonders
08:52 Tree of Eternity
10:45 Moon Well
10:49 Moon Well
12:42 Moon Well
12:44 Moon Well
15:41 Moon Well
15:44 Moon Well
25:44 Tree of Life
25:48 Ancient Protector
25:53 Ancient Protector
25:54 Ancient Protector
25:55 Ancient Protector
25:56 Ancient Protector
25:58 Ancient Protector
» items
| Scroll of Town Portal | 1 | |
| Potion of Healing | 1 | |
| Staff of Teleportation | 1 | |
3 total
team 2 (winner)
ApolloSC (
orange | 81 APM | 2743 actions | 33:53)
9 Tauren Chieftain
3 War Stomp
3 Endurance Aura
1 Reincarnation
2 Shockwave
8 Shadow Hunter
3 Healing Wave
3 Hex
1 Big Bad Voodoo
1 Serpent Ward
» actions
| Assign group hotkey | 32 | |
| Basic commands | 223 | |
| Build / train | 82 | |
| ESC pressed | 14 | |
| Enter build submenu | 35 | |
| Enter hero's abilities submenu | 17 | |
| Give item / drop item | 3 | |
| Right click | 917 | |
| Select / deselect | 538 | |
| Select group hotkey | 745 | |
| Use ability | 137 | |
2743 total
» units
| Peon | 19 | |
| Troll Headhunter/Berserker | 13 | |
| Shaman | 7 | |
| Troll Witch Doctor | 3 | |
42 total
» upgrades
| Ranged Weapons | 3 | |
| Armor | 3 | |
| Troll Regeneration | 1 | |
| Berserker Upgrade | 1 | |
| Shaman Training | 2 | |
| Witch Doctor Training | 2 | |
12 total
» buildings
| Altar of Storms | 1 | |
| Orc Burrow | 13 | |
| War Mill | 2 | |
| Barracks | 9 | |
| Voodoo Lounge | 1 | |
| Stronghold | 1 | |
| Great Hall | 2 | |
| Fortress | 1 | |
| Spirit Lodge | 3 | |
33 total
» build order
00:18 Altar of Storms
00:25 Orc Burrow
01:03 War Mill
01:33 Orc Burrow
01:49 Barracks
01:57 Barracks
02:35 Orc Burrow
04:50 Voodoo Lounge
05:34 Stronghold
07:29 Great Hall
07:59 Orc Burrow
08:00 Fortress
08:02 Orc Burrow
11:07 Spirit Lodge
11:08 Spirit Lodge
16:30 Orc Burrow
16:32 Orc Burrow
17:53 Barracks
17:56 Barracks
18:07 Barracks
18:10 Barracks
18:17 Barracks
21:29 Orc Burrow
21:30 Orc Burrow
22:28 Orc Burrow
22:29 Orc Burrow
23:50 Great Hall
26:07 Orc Burrow
26:09 Orc Burrow
26:23 Spirit Lodge
29:04 Barracks
29:06 Barracks
29:37 War Mill
» items
| Boots of Speed | 1 | |
| Healing Salve | 1 | |
| Tiny Great Hall | 1 | |
| Orb of Lightning | 1 | |
| Scroll of Town Portal | 1 | |
| Periapt of Vitality | 1 | |
6 total

»
jpv88 (
red | 58 APM | 1968 actions | 33:53)
8 Blademaster
3 Wind Walk
3 Critical Strike
1 Bladestorm
1 Mirror Image
» actions
| Assign group hotkey | 17 | |
| Build / train | 64 | |
| ESC pressed | 1 | |
| Enter build submenu | 25 | |
| Enter hero's abilities submenu | 8 | |
| Give item / drop item | 2 | |
| Right click | 1345 | |
| Select / deselect | 388 | |
| Select group hotkey | 38 | |
| Use ability | 80 | |
1968 total
» units
| Peon | 13 | |
| Grunt | 3 | |
| Wind Rider | 14 | |
| Troll Batrider | 3 | |
33 total
» upgrades
| Ranged Weapons | 3 | |
| Envenomed Spears | 1 | |
| Reinforced Defenses | 1 | |
| Armor | 3 | |
8 total
» buildings
| Altar of Storms | 1 | |
| Orc Burrow | 5 | |
| Barracks | 1 | |
| Voodoo Lounge | 2 | |
| Stronghold | 1 | |
| War Mill | 1 | |
| Beastiary | 2 | |
| Watch Tower | 12 | |
| Fortress | 1 | |
26 total
» build order
00:14 Altar of Storms
00:23 Orc Burrow
00:35 Barracks
01:39 Voodoo Lounge
01:58 Orc Burrow
03:17 Orc Burrow
04:08 Stronghold
05:47 War Mill
06:35 Beastiary
06:39 Beastiary
07:09 Watch Tower
07:14 Watch Tower
08:39 Fortress
09:08 Orc Burrow
12:55 Watch Tower
13:08 Watch Tower
13:31 Watch Tower
13:34 Watch Tower
13:38 Voodoo Lounge
15:10 Watch Tower
16:14 Watch Tower
17:49 Orc Burrow
20:39 Watch Tower
24:32 Watch Tower
24:34 Watch Tower
25:39 Watch Tower
» items
| Healing Salve | 1 | |
| Lesser Clarity Potion | 3 | |
| Scroll of Speed | 2 | |
| Potion of Mana | 1 | |
| Potion of Healing | 2 | |
| Orb of Lightning | 1 | |
| Tiny Great Hall | 1 | |
| Scroll of Town Portal | 1 | |
12 total
eRickS0n_ (
pink | 47 APM | 1599 actions | 33:53)
8 Death Knight
3 Death Coil
3 Unholy Aura
1 Death Pact
1 Animate Dead
» actions
| Build / train | 81 | |
| Enter build submenu | 36 | |
| Enter hero's abilities submenu | 8 | |
| Give item / drop item | 1 | |
| Right click | 938 | |
| Select / deselect | 468 | |
| Use ability | 65 | |
1599 total
» units
| Acolyte | 8 | |
| Ghoul | 3 | |
| Crypt Fiend | 27 | |
| Frost Wyrm | 14 | |
| Gargoyle | 4 | |
56 total
» upgrades
| Creature Attack | 2 | |
| Web | 1 | |
| Creature Carapace | 2 | |
| Freezing Breath | 1 | |
6 total
» buildings
| Crypt | 1 | |
| Ziggurat | 17 | |
| Graveyard | 1 | |
| Altar of Darkness | 1 | |
| Halls of the Dead | 1 | |
| Spirit Tower | 4 | |
| Sacrificial Pit | 1 | |
| Black Citadel | 1 | |
| Boneyard | 2 | |
| Tomb of Relics | 1 | |
| Necropolis | 2 | |
32 total
» build order
00:30 Crypt
00:42 Ziggurat
00:49 Graveyard
01:05 Altar of Darkness
02:21 Ziggurat
02:50 Halls of the Dead
03:06 Ziggurat
04:03 Spirit Tower
05:47 Ziggurat
06:01 Sacrificial Pit
11:07 Ziggurat
11:08 Black Citadel
11:40 Ziggurat
11:42 Ziggurat
12:50 Ziggurat
12:54 Ziggurat
13:37 Boneyard
13:57 Boneyard
14:24 Spirit Tower
15:31 Ziggurat
17:11 Spirit Tower
17:14 Ziggurat
17:51 Tomb of Relics
17:58 Ziggurat
18:02 Necropolis
18:07 Ziggurat
18:15 Ziggurat
20:10 Spirit Tower
22:45 Ziggurat
22:49 Ziggurat
22:55 Ziggurat
29:46 Necropolis
» items
DO-U-EVEN-LIFT (
purple | 68 APM | 2319 actions | 33:54)
6 Blademaster
3 Wind Walk
2 Critical Strike
1 Bladestorm
» actions
| Assign group hotkey | 56 | |
| Basic commands | 42 | |
| Build / train | 80 | |
| Enter build submenu | 11 | |
| Enter hero's abilities submenu | 6 | |
| Give item / drop item | 1 | |
| Right click | 981 | |
| Select / deselect | 174 | |
| Select group hotkey | 831 | |
| Use ability | 137 | |
2319 total
» units
» upgrades
| Ranged Weapons | 3 | |
| Liquid Fire | 1 | |
| Reinforced Defenses | 1 | |
| Ensnare | 1 | |
| Armor | 1 | |
7 total
» buildings
| Altar of Storms | 1 | |
| Orc Burrow | 5 | |
| Voodoo Lounge | 1 | |
| Stronghold | 1 | |
| War Mill | 2 | |
| Beastiary | 2 | |
| Fortress | 1 | |
13 total
» build order
00:11 Altar of Storms
00:22 Orc Burrow
00:42 Voodoo Lounge
02:17 Stronghold
02:38 War Mill
02:45 Orc Burrow
03:12 Orc Burrow
03:47 Orc Burrow
04:38 War Mill
04:43 Beastiary
04:45 Beastiary
05:04 Fortress
25:50 Orc Burrow
» items
| Healing Salve | 4 | |
| Lesser Clarity Potion | 1 | |
| Circlet of Nobility | 1 | |
| Staff of Teleportation | 1 | |
| Scroll of Town Portal | 6 | |
| Orb of Lightning | 1 | |
| Potion of Lesser Invulnerability | 3 | |
| Boots of Speed | 1 | |
18 total
Chat log
(00:40 / Allies) ApolloSC: hh here
(00:53 / Allies) ApolloSC: tc
(00:56 / Allies) jpv88: wyv or bats if needed
(01:12 / Allies) eRickS0n_: ghouls acolytes
(01:27 / Allies) eRickS0n_: actually
(01:29 / Allies) eRickS0n_: banshees
(02:25 / All) DO-U-EVEN-LIFT: die texas
(02:41 / Allies) eRickS0n_: we cant lose to texas yall
(04:18 / Allies) DO-U-EVEN-LIFT: middle middle!
(11:18 / Allies) jpv88: im gonna go with bats
(11:37 / Allies) ApolloSC: purp extra bats in my base
(11:47 / Allies) jpv88: or should i go wyv since purp has bats?
(12:22 / Allies) DO-U-EVEN-LIFT: got teals main
(12:33 / Allies) jpv88: nice!
(13:50 / Allies) DO-U-EVEN-LIFT: come on guys do something
(13:57 / Allies) ApolloSC: lumber plz
(14:07 / Allies) ApolloSC: thx
(16:36 / Allies) DO-U-EVEN-LIFT: repair
(19:25 / All) DO-U-EVEN-LIFT: aint ur day texas
(19:30 / All) texas: LOL
(19:40 / All) texas: bring it on
(19:45 / All) DO-U-EVEN-LIFT: hoping u win cuz it i know its annoying
(20:40 / Allies) eRickS0n_: wood plz gold for frosties
(20:53 / Allies) eRickS0n_: ty
(21:22 / All) texas: LOL
(21:46 / Allies) jpv88: tp pls
(23:10 / All) DO-U-EVEN-LIFT: any wisps?
(23:22 / All) texas: any hacks lol?
(23:32 / All) DO-U-EVEN-LIFT: its not hax dude ur freaking elf lawl
(23:40 / All) texas: LOL
(23:44 / All) texas: haha and im black
(23:48 / All) DO-U-EVEN-LIFT: lawl
(24:11 / All) eRickS0n_: how many hh green
(25:58 / All) texas: green has 6k and he tells people to expo lol
(26:18 / All) texas: thats like asking a jew for their jew gold
(26:22 / All) DO-U-EVEN-LIFT: lawl
(26:52 / All) FRATstar: gg
(26:58 / All) DO-U-EVEN-LIFT: ill meet u in s4s
(26:59 / All) DO-U-EVEN-LIFT: texas
(27:03 / All) DO-U-EVEN-LIFT: wasnt hax man
(27:07 / All) texas: lol
(27:13 / All) texas: u can suck my dick
(27:14 / All) DO-U-EVEN-LIFT: gave u a tp
(27:16 / All) DO-U-EVEN-LIFT: as reimbursement
(27:25 / All) texas: have fun killing every base
(28:01 / All) DO-U-EVEN-LIFT: are you 100% certain i mh?
(28:23 / All) texas: 8k lol
(28:50 / All) DO-U-EVEN-LIFT: my team should suck my cock too , well pink and red
(28:51 / All) DO-U-EVEN-LIFT: oj did good
(28:58 / All) eRickS0n_: ?
(29:10 / All) eRickS0n_: see u @ the bottom of the score
(29:12 / All) eRickS0n_: card
(29:15 / All) DO-U-EVEN-LIFT: i took 2 players out of the game with one hero
(29:23 / All) texas: and hacks
(29:26 / All) eRickS0n_: that makes u good
(29:28 / All) eRickS0n_: or them bad?
(29:30 / All) DO-U-EVEN-LIFT: yes it does
(29:36 / All) eRickS0n_: rofl
(29:54 / All) eRickS0n_: ur trash
(29:56 / All) DO-U-EVEN-LIFT: teal knows whos a beast
(30:09 / All) texas: hack on queen wasabi
(31:10 / All) DO-U-EVEN-LIFT: i teamed up with u last night "ericson" u suck lawl
(31:16 / All) eRickS0n_: mhmm
(31:22 / All) eRickS0n_: weird cuz i dotn recognize u
(31:23 / All) DO-U-EVEN-LIFT: 4 / All) eRickS0n_: 30 min in the game u have 10 archers
(31:43 / All) DO-U-EVEN-LIFT: All) eRickS0n_: gl with the fumbler(01:19 / All) eRickS0n_: he trash
(32:14 / All) DO-U-EVEN-LIFT: we won after ur nub ass left
(32:21 / All) eRickS0n_: yaaaa
(32:35 / All) eRickS0n_: how sweet of u